 Dungeon Crawl Stone Soup version 0.26-a0-540-g8a0c9464d7 (webtiles) character file.

Game seed: 1411056839615128565

1085 Ge0ff the Vexing (level 8, 0/54 HPs)
             Began as a Human Enchanter on Aug 15, 2020.
             Slain by a phantom (8 damage)
             ... on level 4 of the Dungeon.
             The game lasted 00:20:35 (9815 turns).

Ge0ff the Vexing (Human Enchanter)                  Turns: 9815, Time: 00:20:36

Health: 0/54       AC:  6    Str:  9    XL:     8   Next: 55%
Magic:  0/11       EV: 12    Int: 18    God:
Gold:   265        SH:  0    Dex: 13    Spells: 5/11 levels left

rFire    . . .     SeeInvis .   a - +1 dagger
rCold    + . .     Faith    .   (no shield)
rNeg     . . .     Spirit   +   m - +0 robe
rPois    .         Reflect  .   V - +0 helmet
rElec    .         Harm     .   (no cloak)
rCorr    .                      f - +0 pair of gloves
MR       .....                  x - +1 pair of boots
Stlth    +++.......             e - amulet of guardian spirit
HPRegen  0.18/turn              Z - ring of protection from cold {=R}
MPRegen  0.12/turn              (no ring)

@: drained
A: no striking features
a: no special abilities


You were on level 4 of the Dungeon.
You visited 1 branch of the dungeon, and saw 6 of its levels.
You also visited: Sewer.

You collected 265 gold pieces.

Inventory:

Hand Weapons
 a - a +1 dagger (weapon)
 b - a +1 short sword of freezing
 t - a +0 rapier
Missiles
 d - 144 stones (quivered) {don't train}
 g - a throwing net {don't train=f}
 u - 2 javelins {don't train}
 v - 2 poisoned darts {don't train}
Armour
 f - a +0 pair of gloves (worn)
 m - a +0 robe (worn)
 x - a +1 pair of boots (worn)
 V - a +0 helmet (worn)
Magical Staves
 R - an uncursed staff of poison {don't train}
Jewellery
 e - an amulet of guardian spirit (around neck)
 Z - a ring of protection from cold (left hand) {=R}
Wands
 P - a wand of polymorph (3)
Scrolls
 o - 2 scrolls of enchant weapon {unknown}
 s - a scroll of random uselessness {unknown}
 B - a scroll of blinking
 C - 4 scrolls of remove curse
 T - 2 scrolls of teleportation
Potions
 k - 2 potions of brilliance {unknown}
 q - 2 potions of curing
 S - a potion of ambrosia {unknown}
 U - a potion of resistance {unknown}
 W - 5 potions of heal wounds {!q}
 X - 2 potions of might {unknown}
 Y - a potion of flight {unknown}


   Skills:
 - Level 1.0(0.4) Fighting
 * Level 4.6(4.0) Short Blades
 - Level 2.0(1.4) Dodging
 + Level 5.1(4.5) Stealth
 - Level 2.0(1.4) Spellcasting
 + Level 5.6(4.9) Hexes
 * Level 5.1(4.5) Ice Magic


You had 5 spell levels left.
You knew the following spells:

 Your Spells              Type           Power        Failure   Level
a - Corona                Hex            ###....      2%          1
k - Ensorcelled Hibernat  Hex/Ice        ###...       4%          2
t - Confusing Touch       Hex            ###.....     8%          3

Your spell library contained the following spells:

 Spells                   Type           Power        Failure   Level
 Tukima's Dance           Hex            ###.....     8%          3
 Dazzling Flash           Conj/Hex       ##....       21%         3


Dungeon Overview and Level Annotations

Branches:
Dungeon (6/15)             Temple (0/1) D:5           Sewer (visited)

Altars:
Cheibriados
Elyvilon
Ru
Trog
Xom
The Shining One

Annotations:
D:4 Grinder


Message History

You hit the phantom but do no damage.
The phantom is lightly damaged.
The phantom misses you.
You hit the phantom but do no damage.
The phantom is lightly damaged.
The phantom hits you.
You hit the phantom.
The phantom is moderately damaged.
The phantom hits you!
* * * LOW HITPOINT WARNING * * *
You hit the phantom but do no damage.
The phantom is lightly damaged.
You hit the phantom.
The phantom is moderately damaged.
The phantom hits you!
* * * LOW HITPOINT WARNING * * *
You hit the phantom but do no damage.
The phantom is lightly damaged.
The phantom hits you!
You die...

#####.#...####.........####....#
#.##.## ##...>...## ##.#.#
#.###### ##.....## ###.#
#......# ##...## #..# ######.#
##'## #<## #.# #.# #.#
##(#######.# #.# #.(......#.##
######.# #..###.#@W..## #......#
#..###.#.....###.######
#......#.(..###...#
#..##..#.#.####...#
#..##.............#
#........########## ##.###.###
#.....# #######


You could see a phantom (confused).

Vanquished Creatures
  A phantom (D:4)
  A centaur (D:5)
  2 big kobolds (Sewer)
  A bullfrog (D:6)
  2 scorpions
  A wight (D:6)
  A howler monkey (D:5)
  3 hounds
  A gnoll shaman (D:4)
  An orc wizard (D:5)
  2 iguanas (D:5)
  Jessica (D:2)
  A hound zombie (D:5)
  A worker ant zombie (D:5)
  2 gnolls (D:5)
  8 adders
  2 river rats (D:5)
  2 white imps
  An ufetubus (D:5)
  2 oozes
  An adder skeleton (D:5)
  5 worms
  2 dart slugs (D:2)
  3 leopard geckos
  4 orcs
  5 ball pythons
  10 giant cockroaches
  7 goblins
  6 hobgoblins
  5 jackals
  23 kobolds
  4 quokkas
  11 bats
  6 frilled lizards
  8 rats
136 creatures vanquished.

Vanquished Creatures (others)
  A giant cockroach zombie (D:5)
1 creature vanquished.

Grand Total: 137 creatures vanquished

Notes
Turn   | Place    | Note
-------+----------+-------------------------------------------
     0 | D:1      | Ge0ff the Human Enchanter began the quest for the Orb.
     0 | D:1      | Reached XP level 1. HP: 13/13 MP: 3/3
   484 | D:1      | Reached XP level 2. HP: 20/20 MP: 5/5
   667 | D:1      | Learned a level 2 spell: Ensorcelled Hibernation
   976 | D:1      | Reached skill level 1 in Fighting
  1170 | D:1      | Reached XP level 3. HP: 24/26 MP: 4/6
  1482 | D:2      | Noticed Jessica
  1633 | D:2      | Killed Jessica
  1633 | D:2      | Reached skill level 1 in Ice Magic
  1633 | D:2      | Reached XP level 4. HP: 32/32 MP: 4/7
  2785 | D:2      | Found a snail-covered altar of Cheibriados.
  2795 | D:2      | Reached XP level 5. HP: 20/37 MP: 3/8
  4451 | D:3      | Learned a level 3 spell: Confusing Touch
  4925 | D:4      | Found a glowing golden altar of the Shining One.
  4925 | D:4      | Found a shimmering altar of Xom.
  4925 | D:4      | Found a bloodstained altar of Trog.
  5003 | D:4      | Reached XP level 6. HP: 43/43 MP: 6/9
  5393 | D:4      | Noticed Grinder
  5897 | D:4      | Noticed a phantom
  6322 | D:4      | Killed a phantom
  6722 | D:5      | Entered Level 5 of the Dungeon
  6757 | D:5      | Reached XP level 7. HP: 48/48 MP: 7/10
  6896 | D:5      | Found a glowing drain.
  6948 | Sewer    | Entered a sewer
  7532 | Sewer    | Reached skill level 5 in Hexes
  7619 | Sewer    | HP: 1/48 [big kobold/+1 short sword of freezing (3)]
  8289 | D:5      | Reached XP level 8. HP: 47/54 MP: 8/11
  8575 | D:6      | Found a sacrificial altar of Ru.
  8590 | D:6      | Found a white marble altar of Elyvilon.
  9142 | D:5      | Reached skill level 5 in Stealth
  9215 | D:5      | Reached skill level 5 in Ice Magic
  9815 | D:4      | Slain by a phantom

Illustrated notes

Levels and vault maps discovered:
D:1:      dpeg_arrival_connections, layout_rooms
D:2:      layout_basic, kennysheep_slug_shrine, minivault_26,
          kennysheep_generic_room_4, uniq_jessica
D:3:      kb_forest_paths, layout_basic, bh_walls_and_bars
D:4:      layout_loops_corners, gammafunk_temple_overflow_claw, uniq_grinder
D:5:      layout_loops_ring, minmay_temple_entry_from_below_a,
          portal_sewer_entry_e
D:6:      layout_basic, lemuel_round_altar, lemuel_round_altar,
          kennysheep_little_box, serial_shops, nicolae_shop_waterfront

Skill      XL: |  1  2  3  4  5  6  7  8 |
---------------+-------------------------+-----
Fighting       | 1 |  1.0
Ice Magic      | 1 2 3 4 5 |  5.1
Short Blades   | 2 3 4 |  4.6
Hexes          | 4 5 |  5.6
Stealth        | 4 5 |  5.1
Dodging        | |  2.0
Spellcasting   | |  2.0

Action                   |  1- 3 |  4- 6 |  7- 9 || total
-------------------------+-------+-------+-------++-------
Melee: Dagger            |   100 |   245 |   278 ||   623
       Short sword       |       |       |    30 ||    30
Throw: Stone             |    23 |    68 |    59 ||   150
       Javelin           |       |     5 |     4 ||     9
       Dart              |       |       |    11 ||    11
 Cast: Corona            |     5 |       |       ||     5
       Ensorcelled Hiber |     5 |    59 |    53 ||   117
       Confusing Touch   |       |     7 |    12 ||    19
  Use: Scroll            |       |     5 |     1 ||     6
       Potion            |       |     3 |     5 ||     8
 Stab: Sleeping          |     5 |    45 |    27 ||    77
       Confused          |       |     4 |     7 ||    11
Armor: Robe              |    29 |    26 |   107 ||   162
       Skin              |       |     1 |       ||     1
Dodge: Dodged            |    69 |   104 |   218 ||   391

Table legend: (Time is in decaauts)
 A = Elapsed time spent in this place.
 B = Non-inter-level travel time spent in this place.
 C = Inter-level travel time spent in this place.
 D = Time resting spent in this place.
 E = Time spent auto-exploring this place.
 F = Levels seen in this place.
 G = Mean time per level.
                   A        B        C        D        E       F      G
               +--------+--------+--------+--------+--------+-----+--------+
         Total |   9804 |   9619 |    185 |    749 |   6585 |   7 | 1400.6 |
       Dungeon |   8952 |   8767 |    185 |    749 |   6023 |   6 | 1492.0 |
         Sewer |    852 |    852 |      0 |      0 |    562 |   1 |  852.0 |
               +--------+--------+--------+--------+--------+-----+--------+

Top non-repeatable levels by time:
     D:2: 2125 daAuts
     D:4: 2072 daAuts
     D:3: 1639 daAuts
     D:1: 1597 daAuts
     D:5: 1196 daAuts
   Sewer: 852 daAuts
     D:6: 319 daAuts
